 Dungeon Crawl Stone Soup version 0.30-a0-639-g3916f1956a (webtiles) character file.

Game seed: 4408566166382073749

69934 demibob the Cruncher (level 14, -4/96 HPs)
             Began as a Demonspawn Gladiator on Jan 17, 2023.
             Was a Priest of Ashenzari.
             Slain by a skeletal warrior
             ... wielding a +0 mace
              (20 damage)
             ... on level 14 of the Dungeon.
             The game lasted 00:43:39 (23862 turns).

demibob the Cruncher (Demonspawn Gladiator)        Turns: 23862, Time: 00:43:40

Health: -4/96      AC: 15    Str: 15    XL:     14   Next: 92%
Magic:  19/19      EV: 18    Int:  9    God:    Ashenzari [***...]
Gold:   2426       SH:  5    Dex: 20    Spells: 4/20 levels left

rFire   . . .      SeeInvis +    D - staff of air (curse) {!a, Elem, Melee}
rCold   . . .      Faith    .    (no shield)
rNeg    . . .      Spirit   .    t - +0 steam dragon scales "Repose of Ashenzari" {Evo, Range} (curse)
rPois   .          Reflect  +    c - +0 helmet
rElec   +          Harm     .    v - +0 cloak
rCorr   .          Rampage  .    k - +2 pair of gloves "Per Aspera Ad Scientiam" {Range, Bglg} (curse)
Will    ++...      Clarity  +    (no boots)
Stlth   ++                       A - amulet of Curses and Power {Reflect SH+5, Comp, Evo} (curse)
HPRegen 0.36/turn                Z - ring of the Unveiling Oracle {Wiz, Elem, Range} (curse)
MPRegen 0.16/turn                W - ring of willpower

@: no status effects
A: molten scales 2, ignite blood 3, powered by pain 1, demonic touch 1
a: Renounce Religion, Curse Item, Shatter the Chains


You were on level 14 of the Dungeon.
You worshipped Ashenzari.
Ashenzari was most pleased with you.
You visited 3 branches of the dungeon, and saw 21 of its levels.
You also visited: Bailey.

You collected 3672 gold pieces.
You spent 1246 gold pieces at shops.


Innate Abilities, Weirdness & Mutations

You are mostly covered in molten scales. (AC +3)
Your demonic aura causes all spilled blood to erupt in flames.
You sometimes gain a little power by taking damage.
Your touch may inflict minor irresistible damage on your foes.


   Skills:
 + Level 4.7 Fighting
 - Level 14.0(15.5) Staves
 - Level 1.7(4.0) Throwing
 - Level 7.1 Armour
 + Level 9.3 Dodging
 - Level 3.7 Spellcasting
 - Level 3.3(4.8) Conjurations
 - Level 11.7(14.1) Air Magic
 - Level 12.2(14.6) Evocations


You had 4 spell levels left.
You knew the following spells:

 Your Spells              Type           Power      Damage    Failure   Level
l - Lightning Bolt        Conj/Air       14%        1d27      6%          5
m - Mephitic Cloud        Conj/Pois/Air  19%        N/A       2%          3
X - Kindle Blastsparks    Fire/Tloc/Air  30%        2d12      4%          3
Y - Arcjolt               Conj/Air       14%        1d24      6%          5

Your spell library contained the following spells:

 Spells                   Type           Power      Damage    Failure   Level
 Poisonous Vapours        Pois/Air       42%        N/A       1%          2
 Vhi's Electric Charge    Tloc/Air       42%        N/A       1%          3
 Cigotuvi's Dreadful Rot  Necr/Pois/Air  30%        N/A       2%          2
 Foxfire                  Conj/Fire      24%        2x1d5     4%          1
 Sandblast                Erth           4%         2d4       10%         1
 Stone Arrow              Conj/Erth      12%        3d7       12%         3
 Lesser Beckoning         Tloc           4%         N/A       16%         2
 Passwall                 Tmut/Erth      0%         N/A       16%         2
 Sublimation of Blood     Necr           2%         N/A       16%         2
 Ozocubu's Armour         Ice            2%         N/A       28%         3
 Call Canine Familiar     Summ           2%         N/A       30%         3
 Gell's Gravitas          Tloc           2%         N/A       30%         3
 Portal Projectile        Hex/Tloc       4%         N/A       30%         3
 Teleport Other           Tloc           2%         N/A       30%         3
 Ignite Poison            Fire/Tmut/Pois 1%         N/A       32%         3
 Leda's Liquefaction      Hex/Erth       1%         N/A       65%         4
 Manifold Assault         Tloc           2%         N/A       67%         4
 Passage of Golubria      Tloc           2%         N/A       67%         4
 Petrify                  Tmut/Erth      1%         N/A       67%         4
 Silence                  Hex/Air        10%        N/A       16%         5
 Freezing Cloud           Conj/Ice/Air   9%         6-21      22%         5
 Fireball                 Conj/Fire      3%         3d4       69%         5
 Irradiate                Conj/Tmut      3%         3d12      71%         5
 Maxwell's Capacitive Co  Air            20%        ∞         89%         8
 Metabolic Englaciation   Hex/Ice        1%         N/A       93%         5
 Summon Forest            Summ/Tloc      1%         N/A       94%         5
 Summon Mana Viper        Hex/Summ       2%         N/A       94%         5
 Yara's Violent Unravell  Hex/Tmut       0%         3d3       95%         5
 Starburst                Conj/Fire      3%         6d3       99%         6
 Dispersal                Tloc           1%         N/A       100%        6
 Simulacrum               Ice/Necr       1%         N/A       100%        6
 Summon Cactus Giant      Summ           1%         N/A       100%        6
 Enfeeble                 Hex            1%         N/A       100%        7
 Disjunction              Tloc           1%         N/A       100%        8
 Lehudib's Crystal Spear  Conj/Erth      3%         10d2      100%        8

Inventory:

Hand Weapons
 a - a +1 quarterstaff
 x - a +3 quarterstaff of chaos
Missiles
 e - 7 javelins (quivered)
 j - 3 silver javelins
 l - 44 poisoned darts
 w - 3 throwing nets {=f}
Armour
 c - a +0 helmet (worn)
 k - the cursed +2 pair of gloves "Per Aspera Ad Scientiam" (worn) {Range, Bglg}
   (You found it on level 2 of the Dungeon)

   It has a curse which improves the following skills: Ranged Combat: Ranged
   Weapons and Throwing.
   Beguiling: Conjurations, Hexes and Translocations.
 t - the cursed +0 steam dragon scales "Repose of Ashenzari" (worn) {Evo, Range}
   (You found it on level 5 of the Lair of Beasts)

   It has a curse which improves the following skills: Evocations: Evocations.
   Ranged Combat: Ranged Weapons and Throwing.
 v - a +0 cloak (worn)
 y - a +2 ring mail of willpower
Magical Staves
 D - a cursed staff of air (weapon) {!a, Elem, Melee}
 O - a staff of death {!a}
Jewellery
 f - a ring of fire
 A - the cursed amulet of Curses and Power (around neck) {Reflect SH+5, Comp, Evo}
   (You found it on level 8 of the Dungeon)

   [amulet of reflection]

   It reflects blocked missile attacks.
   SH:        It affects your SH (+5).
   It has a curse which improves the following skills: Companions: Summonings
   and Necromancy.
   Evocations: Evocations.
 F - a ring of fire
 L - a ring of flight
 N - a ring of positive energy
 W - a ring of willpower (right hand)
 Z - the cursed ring of the Unveiling Oracle (left hand) {Wiz, Elem, Range}
   (You found it on level 4 of the Lair of Beasts)

   [ring of wizardry]

   It improves your spell success rate.
   It has a curse which improves the following skills: Elements: Fire Magic, Ice
   Magic, Air Magic and Earth Magic.
   Ranged Combat: Ranged Weapons and Throwing.
Wands
 q - a wand of mindburst (18)
 u - a wand of flame (49)
 I - a wand of digging (3)
 K - a wand of paralysis (10)
 P - a wand of roots (5)
Scrolls
 d - 4 scrolls of enchant weapon
 r - 3 scrolls of teleportation {@r2}
 s - 2 scrolls of fog
 H - a scroll of enchant armour
 J - 13 scrolls of identify {@r1}
 M - 3 scrolls of brand weapon
Potions
 g - 2 potions of resistance
 h - 3 potions of lignification
 m - 2 potions of ambrosia
 o - 3 potions of cancellation
 p - 4 potions of brilliance
 z - 2 potions of mutation
 B - 2 potions of attraction
 C - 5 potions of haste {@q3}
 E - 4 potions of flight
 G - a potion of magic
 Q - 2 potions of might

Dungeon Overview and Level Annotations

Branches:
Dungeon (14/15)            Temple (0/1) D:6            Lair (5/5) D:11
 Shoals (0/4) Lair:2        Snake (0/4) Lair:2        Slime (0/5) Lair:5
    Orc (2/2) D:11            Elf (0/3) Orc:2        Vaults (0/5) D:14
 Bailey (visited)

Altars:
Ashenzari
Cheibriados
Dithmenos
Hepliaklqana
Kikubaaqudgha
Makhleb
Okawaru
Qazlal
Ru
Vehumet
Wu Jian
Yredelemnul
Jiyva

Shops:
D:3 ?   D:9 :   Orc:2 :?[*

Portals:
Pandemonium: Orc:2

Annotations:
D:7 1 runed translucent door
D:8 4 transporters

, , , .............#
.............# ,
,,.............#
............#* , ,
,............# ,,
#....°.....#### ,
#....)z.......# , *
#....Z@○......##
#..............# ,
#..............# ,
#...............####
##...?.............#
, ,*
#.#######......####
#.* #..).).# , .
#####..# , * , #..#


You could see a skeletal warrior and a wolf spider zombie.


Message History

The fire elemental misses you.
You hit the deep elf pyromancer.
The deep elf pyromancer is electrocuted.
You touch the deep elf pyromancer!
The deep elf pyromancer is heavily wounded.
You block the wolf spider zombie's attack.
The wolf spider zombie bites you but does no damage.
The fire elemental barely misses you. x2
You hit the deep elf pyromancer.
The deep elf pyromancer is electrocuted!
You kill the deep elf pyromancer!
The fire elemental disappears in a puff of smoke! x2
The wolf spider zombie hits you!
* * * LOW HITPOINT WARNING * * *
The wolf spider zombie bites you but does no damage.
You barely miss the skeletal warrior.
The wolf spider zombie is engulfed in blazing flames.
The wolf spider zombie hits you but does no damage.
The wolf spider zombie bites you but does no damage.
The skeletal warrior hits you with a +0 mace!
* * * LOW HITPOINT WARNING * * *
You closely miss the skeletal warrior.
You touch the skeletal warrior!
The skeletal warrior is lightly damaged.
The wolf spider zombie is engulfed in blazing flames.
The wolf spider zombie misses you. The wolf spider zombie bites you.
* * * LOW HITPOINT WARNING * * *
You barely miss the skeletal warrior.
The skeletal warrior is lightly damaged.
The skeletal warrior hits you with a +0 mace!!
You die...

Skill      XL: |  1  2  3  4  5  6  7  8  9 10 11 12 13 14 |
---------------+-------------------------------------------+-----
Staves         | 3 4 5 6 7 9 10 11 12 14 | 14.0
Armour         | 4 7 |  7.1
Evocations     | 6 9 11 12 | 12.2
Dodging        | 3 4 5 9 |  9.3
Fighting       | 4 |  4.7
Air Magic      | 6 9 11 | 11.7
Spellcasting   | 3 |  3.7
Conjurations   | 3 |  3.3
Throwing       | |  1.7

Action                   |  1- 3 |  4- 6 |  7- 9 | 10-12 | 13-15 || total
-------------------------+-------+-------+-------+-------+-------++-------
Melee: Quarterstaff      |    86 |   160 |   426 |   490 |       ||  1162
       Staff             |       |       |       |    93 |   729 ||   822
       Touch             |       |       |       |    16 |   147 ||   163
       Punch             |       |       |       |     1 |     7 ||     8
Throw: Throwing net      |       |       |     3 |       |       ||     3
 Cast: Mephitic Cloud    |       |       |       |     1 |     7 ||     8
       Lightning Bolt    |       |       |       |       |     7 ||     7
       Kindle Blastspark |       |       |       |       |     1 ||     1
       Arcjolt           |       |       |       |       |    12 ||    12
Invok: Curse Item        |       |       |     1 |     2 |     2 ||     5
Evoke: Wand              |       |       |    12 |     7 |     8 ||    27
  Use: Scroll            |     7 |     2 |    15 |     7 |     9 ||    40
       Potion            |       |     2 |    12 |     3 |    13 ||    30
 Stab: Sleeping          |     3 |       |       |       |       ||     3
       Paralysed         |       |       |     1 |       |       ||     1
       Confused          |       |       |       |     6 |     7 ||    13
       Distracted        |       |       |       |     1 |       ||     1
Armor: Leather armour    |    31 |    62 |    63 |       |       ||   156
       Ring mail         |       |       |   159 |   156 |    58 ||   373
       Steam dragon scal |       |       |       |       |   151 ||   151
Dodge: Dodged            |    58 |   106 |   245 |   252 |   400 ||  1061
Block: Other             |       |       |    14 |   108 |   126 ||   248
       Reflection        |       |       |     2 |     1 |     6 ||     9

Levels and vault maps discovered:
D:1:      saegor_arrival_under_anarchy, layout_basic,
          shapermc_ecumenical_altar_totnotflames, nicolae_figureground_pulse
D:2:      layout_basic
D:3:      minmay_goblin_kobold_castle, layout_loops_ring,
          riverfiend_overflow_shadow_ancestor, mainiacjoe_overflow_chevrons,
          lemuel_crystal_altar, serial_shops, nicolae_shop_hallway_stairs,
          uniq_pargi, uniq_robin
D:4:      layout_rooms, lemuel_crystal_altar, okawaru_trees_1,
          minmay_misc_feat_enclosed, uniq_grinder
D:5:      layout_layer_cave
D:6:      minmay_diamond_boxcup, layout_basic, temple_green, uniq_eustachio
D:7:      layout_loops_ring, nicolae_tso_besieged_by_evil,
          dk_yredelemnul_ordeal, uniq_crazy_yiuf_cottage, uniq_prince_ribbit1
D:8:      layout_rooms, kennysheep_little_box, nicolae_transporter_intersection
D:9:      layout_basic, mainiacjoe_overflow_24_doors, serial_shops, shop,
          minmay_joined_circles
D:10:     layout_layer_cave, grunt_temple_overflow_order_and_chaos_2,
          nicolae_qazlal_general_emergency, amcnicky_altar_gilded,
          enter_bailey_3
D:11:     layout_big_octagon, lair_entry_dummy, orc_0_dummy
D:12:     layout_roguey, minmay_fountain_box
D:13:     layout_irregular_city
D:14:     layout_irregular_city, erik_vaults_2, corexii_leaking_fountain,
          serial_undead, serial_undead_f, serial_undead_d, serial_undead_c,
          serial_undead_d
Lair:1:   layout_big_grid
Lair:2:   layout_regular_city, nicolae_shoals_entry_flooding,
          minmay_snake_entry_guardpost_small
Lair:3:   layout_misc_corridors, uniq_gastronok
Lair:4:   layout_gridlike, pdpol_lair_cavern_descent, uniq_snorg
Lair:5:   cheibrodos_lair_end_hotspot, layout_regular_city, slime_entry_1
Orc:1:    layout_caves, basic_altar
Orc:2:    pf_orc_diabolical, layout_caves

Notes
Turn   | Place    | Note
-------+----------+-------------------------------------------
     0 | D:1      | demibob the Demonspawn Gladiator began the quest for the
                  | Orb.
     0 | D:1      | Reached XP level 1. HP: 16/16 MP: 1/1
    35 | D:1      | Reached skill level 3 in Staves
   187 | D:1      | Gained mutation: Your touch may inflict minor irresistible
                  | damage on your foes. [demonic ancestry]
   187 | D:1      | Reached XP level 2. HP: 21/22 MP: 2/2
   252 | D:1      | Found a faded altar of an unknown god.
   686 | D:1      | Identified a potion of resistance
   921 | D:2      | Gained mutation: Your demonic aura sometimes causes spilled
                  | blood to erupt in flames. [demonic ancestry]
   921 | D:2      | Reached XP level 3. HP: 27/27 MP: 3/3
  1442 | D:3      | Reached skill level 4 in Staves
  1480 | D:3      | Found a broken altar of Ashenzari.
  1524 | D:3      | Became a worshipper of Ashenzari the Shackled
  1557 | D:3      | Found a hazy altar of Hepliaklqana.
  1558 | D:3      | Found a shadowy altar of Dithmenos.
  1559 | D:3      | Noticed a shadow
  1598 | D:3      | Found a snail-covered altar of Cheibriados.
  1645 | D:3      | Found Wemuz's Magic Scroll Emporium.
  1683 | D:3      | Reached XP level 4. HP: 33/33 MP: 4/4
  1731 | D:3      | Reached skill level 5 in Staves
  1915 | D:3      | Noticed a kobold brigand
  1915 | D:3      | Noticed Robin
  1924 | D:3      | Killed a kobold brigand
  1925 | D:3      | Gained mutation: You sometimes gain a little power by
                  | taking damage. [demonic ancestry]
  1925 | D:3      | Reached XP level 5. HP: 30/38 MP: 5/5
  1935 | D:3      | Killed Robin
  2029 | D:3      | Reached skill level 6 in Staves
  2029 | D:3      | Gained mutation: Your demonic aura often causes spilled
                  | blood to erupt in flames. [demonic ancestry]
  2029 | D:3      | Reached XP level 6. HP: 34/44 MP: 6/6
  2283 | D:3      | Identified the +2 ring mail "Odos" {rElec Int-4 Dex+4 SInv}
  2554 | D:3      | Reached skill level 7 in Staves
  2589 | D:3      | Gained mutation: You are partially covered in molten
                  | scales. (AC +2) [demonic ancestry]
  2589 | D:3      | Reached XP level 7. HP: 38/50 MP: 7/7
  2776 | D:3      | Noticed Pargi
  2783 | D:3      | Killed Pargi
  3413 | D:4      | Noticed Grinder
  3428 | D:4      | Paralysed by Grinder for 5 turns
  3456 | D:4      | Reached skill level 8 in Staves
  3476 | D:4      | Paralysed by Grinder for 5 turns
  3496 | D:4      | Killed Grinder
  3645 | D:4      | Found a sacrificial altar of Ru.
  3949 | D:4      | Found an iron altar of Okawaru.
  3992 | D:5      | Entered Level 5 of the Dungeon
  4138 | D:5      | Reached skill level 9 in Staves
  4138 | D:5      | Reached XP level 8. HP: 47/56 MP: 8/8
  4516 | D:5      | Reached skill level 1 in Armour
  5420 | D:6      | Reached skill level 2 in Armour
  5526 | D:6      | Reached skill level 3 in Armour
  5659 | D:6      | Reached skill level 4 in Armour
  5725 | D:6      | Reached skill level 10 in Staves
  6153 | D:6      | Found a staircase to the Ecumenical Temple.
  6382 | D:7      | Noticed Prince Ribbit
  6396 | D:7      | Killed Prince Ribbit
  6397 | D:7      | Reached XP level 9. HP: 48/61 MP: 9/9
  6671 | D:7      | Reached skill level 5 in Armour
  6990 | D:7      | Found a runed translucent door.
  7092 | D:7      | Found a basalt altar of Yredelemnul.
  7226 | D:7      | Found a runed translucent door.
  7227 | D:7      | Noticed Crazy Yiuf
  7233 | D:7      | Killed Crazy Yiuf
  7513 | D:8      | Found a transporter.
  7544 | D:8      | Reached skill level 6 in Armour
  7601 | D:8      | Reached skill level 11 in Staves
  7825 | D:8      | Found an ancient bone altar of Kikubaaqudgha.
  7869 | D:8      | Found a transporter.
  7971 | D:8      | Found a transporter.
  8115 | D:8      | Found a transporter.
  8152 | D:9      | Noticed a kobold demonologist
  8165 | D:9      | Noticed a red devil
  8166 | D:9      | Killed a kobold demonologist
  8167 | D:9      | Reached skill level 7 in Armour
  8173 | D:9      | Gained mutation: You are mostly covered in molten scales.
                  | (AC +3) [demonic ancestry]
  8173 | D:9      | Reached XP level 10. HP: 50/67 MP: 10/10
  8340 | D:9      | Reached skill level 1 in Evocations
  8384 | D:9      | Reached skill level 2 in Evocations
  8650 | D:9      | Found Dubbawn's Book Boutique.
  8665 | D:9      | Found an ornate altar of the Wu Jian Council.
  8981 | D:9      | Reached skill level 3 in Evocations
  8989 | D:9      | Reached skill level 12 in Staves
  9001 | D:9      | Reached skill level 4 in Evocations
  9255 | D:9      | Reached skill level 5 in Evocations
  9708 | D:10     | Entered Level 10 of the Dungeon
  9785 | D:10     | Found a radiant altar of Vehumet.
  9809 | D:10     | Found a stormy altar of Qazlal.
  9835 | D:10     | Reached skill level 6 in Evocations
  9855 | D:10     | Found a flagged portal.
  9862 | Bailey   | Entered a bailey
  9907 | Bailey   | Gained mutation: Your demonic aura causes all spilled blood
                  | to erupt in flames. [demonic ancestry]
  9907 | Bailey   | Reached XP level 11. HP: 55/72 MP: 11/11
  9938 | Bailey   | Noticed a two-headed ogre
  9961 | Bailey   | Killed a two-headed ogre
  9962 | Bailey   | Reached skill level 13 in Staves
 10109 | Bailey   | Identified the +7 whip "Paeqil" {spect, rPois rF+ rN++
                  | Str-3}
 10112 | Bailey   | Identified the +0 acid dragon scales of Inaction {Rampage
                  | *Slow rN+++ rCorr Str+4 Int-4}
 10319 | D:10     | Reached skill level 7 in Evocations
 10413 | D:10     | Noticed a two-headed ogre
 10423 | D:10     | Killed a two-headed ogre
 10499 | D:10     | Found a burning altar of Makhleb.
 10531 | D:10     | Noticed an angel
 10532 | D:10     | Noticed a blizzard demon
 10772 | D:11     | Found a staircase to the Orcish Mines.
 10788 | D:11     | Reached skill level 8 in Evocations
 11025 | D:11     | Found a staircase to the Lair.
 11220 | Lair:1   | Entered Level 1 of the Lair of Beasts
 11533 | Lair:1   | Reached skill level 9 in Evocations
 11537 | Lair:1   | Reached skill level 14 in Staves
 11633 | Lair:1   | Got Sif Muna's Parchment of the Foggy Legion
 11757 | Lair:1   | Reached skill level 3 in Dodging
 11757 | Lair:1   | Reached XP level 12. HP: 77/80 MP: 12/12
 11769 | Lair:1   | Reached skill level 3 in Fighting
 12069 | Lair:2   | Reached skill level 4 in Dodging
 12236 | Lair:2   | Reached skill level 4 in Fighting
 12310 | Lair:2   | Reached * piety under Ashenzari
 12319 | Lair:2   | Found a staircase to the Snake Pit.
 12350 | Lair:2   | Identified a scroll of acquirement
 12359 | Lair:2   | Acquired a staff of air
 12815 | Lair:2   | Reached skill level 1 in Air Magic
 12952 | Lair:3   | Reached skill level 10 in Evocations
 12956 | Lair:3   | Learned a level 3 spell: Mephitic Cloud
 13100 | Lair:3   | Reached skill level 2 in Air Magic
 13223 | Lair:3   | Reached skill level 3 in Air Magic
 13524 | Lair:3   | Reached skill level 4 in Air Magic
 13711 | Lair:3   | Noticed Gastronok
 13738 | Lair:3   | Killed Gastronok
 13739 | Lair:3   | Reached skill level 11 in Evocations
 13937 | Lair:4   | Noticed Snorg
 13952 | Lair:4   | Killed Snorg
 14068 | Lair:4   | Reached skill level 5 in Air Magic
 14358 | Lair:4   | Reached ** piety under Ashenzari
 14678 | Lair:4   | Reached skill level 6 in Air Magic
 14678 | Lair:4   | Reached XP level 13. HP: 88/88 MP: 13/13
 14947 | Lair:4   | Reached skill level 12 in Evocations
 15387 | Lair:5   | Entered Level 5 of the Lair of Beasts
 15429 | Lair:5   | Reached skill level 1 in Spellcasting
 15429 | Lair:5   | Reached skill level 7 in Air Magic
 15640 | Lair:5   | Reached skill level 2 in Spellcasting
 15845 | Lair:5   | Found a staircase to the Slime Pits.
 15846 | Lair:5   | Found a viscous altar of Jiyva.
 16039 | Lair:5   | Reached skill level 3 in Spellcasting
 16314 | Lair:5   | Learned a level 5 spell: Lightning Bolt
 16348 | Lair:5   | Reached skill level 8 in Air Magic
 16360 | Lair:5   | Noticed a fire dragon
 16362 | Lair:5   | Reached skill level 1 in Conjurations
 16381 | Lair:5   | Reached skill level 2 in Conjurations
 16669 | Lair:5   | Found a large runed translucent door.
 16669 | Lair:5   | Found a large runed translucent door.
 16888 | Lair:5   | Reached skill level 3 in Conjurations
 17278 | Lair:5   | Killed a fire dragon
 17464 | Orc:1    | Entered Level 1 of the Orcish Mines
 17547 | Orc:2    | Entered Level 2 of the Orcish Mines
 17589 | Orc:2    | Found a staircase to the Elven Halls.
 17591 | Orc:2    | Reached *** piety under Ashenzari
 17847 | Orc:2    | Found Igiamexu's Magic Scroll Shop.
 17855 | Orc:2    | Found Zaisauf's General Store.
 18155 | Orc:2    | Reached skill level 9 in Air Magic
 18189 | Orc:2    | Bought a scroll of acquirement for 676 gold pieces
 18189 | Orc:2    | Acquired 878 gold pieces
 18337 | Orc:2    | Reached skill level 5 in Dodging
 18707 | Orc:2    | Learned a level 3 spell: Kindle Blastsparks
 19109 | Orc:2    | Reached XP level 14. HP: 63/95 MP: 19/19
 19393 | Orc:2    | Reached skill level 6 in Dodging
 19580 | Orc:2    | Reached skill level 10 in Air Magic
 19779 | Orc:2    | Found Hene's Antique Armour Shoppe.
 19779 | Orc:2    | Found Mavij's Book Emporium.
 19780 | Orc:2    | Found a one-way gate leading to the halls of Pandemonium.
 19854 | Orc:2    | Bought Maxwell's Memoranda for 570 gold pieces
 19860 | Orc:2    | Learned a level 5 spell: Arcjolt
 20325 | Orc:1    | Reached skill level 7 in Dodging
 22015 | D:13     | Identified the +7 mace of the Philosopher {antimagic, rC+
                  | Will+ Str+3}
 22210 | D:13     | Reached skill level 8 in Dodging
 22395 | D:13     | Reached skill level 11 in Air Magic
 23197 | D:14     | Found a gate to the Vaults.
 23465 | D:14     | Reached skill level 9 in Dodging
 23862 | D:14     | Slain by a skeletal warrior

Vanquished Creatures
  Gastronok (Lair:3)
  Snorg (Lair:4)
  A fire dragon (Lair:5)
  6 vault guards (D:14)
  3 hydras
  A catoblepas (Lair:5)
  A demonspawn (Orc:2)
  3 centaur warriors
  4 two-headed ogres
  A boulder beetle (D:12)
  A death knight (D:13)
  A tengu warrior (D:13)
  6 orc high priests (Orc:2)
  2 skeletal warriors
  2 lindwurms
  5 orc knights (Orc:2)
  An ugly thing (D:13)
  A deep elf pyromancer (D:14)
  3 cyclopes
  7 orc sorcerers
  11 elephants
  A manticore (D:13)
  A rust devil (Orc:2)
  A molten gargoyle (Lair:5)
  2 black mambas
  A centaur zombie (D:14)
  2 torpor snails (Lair:4)
  6 cane toads
  2 gargoyles
  2 kobold demonologists
  A water nymph (Lair:2)
  12 komodo dragons
  A rime drake (Lair:1)
  A tengu conjurer (D:13)
  A freezing wraith (D:13)
  9 trolls
  A polar bear (Lair:4)
  A hornet (D:10)
  2 hellwings (Orc:2)
  Grinder (D:4)
  Prince Ribbit (D:7)
  12 blink frogs
  5 slime creatures (D:13)
  7 wyverns
  6 wraiths
  39 yaks
  4 spriggans (Bailey)
  5 basilisks
  A neqoxec (Orc:2)
  12 vampire mosquitoes
  5 steam dragons
  4 nagas (Lair:2)
  2 wargs (Orc:2)
  2 acid dragons
  10 water moccasins
  2 hell hounds (Lair:5)
  23 orc warriors
  Pargi (D:3)
  An ice beast (D:8)
  2 black bears
  A sky beast (D:8)
  5 wolves (Lair:4)
  7 ogres
  17 centaurs
  A phantom (D:6)
  9 kobold brigands
  2 necrophages
  8 bullfrogs
  A scorpion (D:5)
  15 wights
  3 electric eels (Lair:4)
  9 howler monkeys
  5 lava snakes (Lair:5)
  A quasit (D:7)
  5 hounds
  A jelly (D:3)
  18 orc priests
  Crazy Yiuf (D:7)
  3 iguanas
  3 gnoll boudas
  16 orc wizards
  Robin (D:3)
  18 gnolls
  3 adders
  2 shadow imps
  An ufetubus (D:6)
  2 worms
  A dart slug (D:1)
  56 orcs
  A bat (D:1)
  7 endoplasms
  13 hobgoblins
  7 jackals
  3 quokkas
  5 ball pythons
  2 frilled lizards
  12 goblins
  A goblin skeleton (D:7)
  A goblin zombie (D:7)
  4 hobgoblin zombies (D:7)
  37 kobolds
  2 kobold skeletons (D:7)
  2 kobold zombies (D:7)
  3 rats
569 creatures vanquished.

Vanquished Creatures (collateral kills)
  2 molten gargoyles (Lair:5)
  A kobold demonologist (D:11)
  2 blink frogs (Lair:3)
  A wyvern (Lair:5)
  A hell hound (Lair:5)
  2 kobolds (D:11)
9 creatures vanquished.

Vanquished Creatures (others)
  A yak (Lair:2)
  4 fungi
  2 plants
  2 withered plants (D:14)
9 creatures vanquished.

Grand Total: 587 creatures vanquished

Table legend: (Time is in decaauts)
 A = Elapsed time spent in this place.
 B = Non-inter-level travel time spent in this place.
 C = Inter-level travel time spent in this place.
 D = Time resting spent in this place.
 E = Time spent auto-exploring this place.
 F = Levels seen in this place.
 G = Mean time per level.
                   A        B        C        D        E       F      G
               +--------+--------+--------+--------+--------+-----+--------+
         Total |  23260 |  22389 |    871 |   3552 |  15333 |  22 | 1057.3 |
       Dungeon |  13843 |  13329 |    514 |   1317 |   9994 |  14 |  988.8 |
          Lair |   5766 |   5553 |    213 |    914 |   3768 |   5 | 1153.2 |
  Orcish Mines |   3354 |   3212 |    142 |   1259 |   1457 |   2 | 1677.0 |
        Bailey |    296 |    296 |      0 |     61 |    114 |   1 |  296.0 |
               +--------+--------+--------+--------+--------+-----+--------+

Top non-repeatable levels by time:
   Orc:2: 2627 daAuts
     D:3: 1959 daAuts
  Lair:5: 1933 daAuts
     D:9: 1564 daAuts
  Lair:4: 1433 daAuts
     D:5: 1298 daAuts
    D:13: 1166 daAuts
     D:6: 1061 daAuts
    D:12: 1027 daAuts
  Lair:2: 968 daAuts
  Lair:3: 925 daAuts
     D:7: 921 daAuts
     D:8: 811 daAuts
     D:2: 734 daAuts
   Orc:1: 726 daAuts

Table legend:
 A = Non-vault XP
 B = Vault XP
 C = Vault XP percentage of total XP
 D = Non-vault monster count
 E = Vault monster count
 F = Vault count percentage of total count
                 A         B        C        D         E       F
            +---------+---------+-------+---------+---------+-------
      Total |   59726 |   40181 |  40.2 |     369 |     208 |  36.0
            +---------+---------+-------+---------+---------+-------
        D:1 |      29 |       0 |   0.0 |      15 |       0 |   0.0
        D:2 |      20 |       0 |   0.0 |      10 |       0 |   0.0
        D:3 |     222 |     675 |  75.3 |      19 |      55 |  74.3
        D:4 |     179 |     286 |  61.5 |      19 |       1 |   5.0
        D:5 |     136 |       0 |   0.0 |       3 |       0 |   0.0
        D:6 |     763 |     370 |  32.7 |      16 |       9 |  36.0
        D:7 |     631 |     363 |  36.5 |       8 |      13 |  61.9
        D:8 |    1344 |       0 |   0.0 |      28 |       0 |   0.0
        D:9 |    3720 |    1552 |  29.4 |      27 |      11 |  28.9
       D:10 |    3080 |       8 |   0.3 |      18 |       4 |  18.2
       D:11 |    1870 |       0 |   0.0 |      11 |       0 |   0.0
       D:12 |    4522 |       0 |   0.0 |      21 |       0 |   0.0
       D:13 |    9528 |       0 |   0.0 |      25 |       0 |   0.0
       D:14 |    2757 |    6463 |  70.1 |       8 |       8 |  50.0
     Lair:1 |    5535 |       0 |   0.0 |      18 |       0 |   0.0
     Lair:2 |    1730 |    1034 |  37.4 |       8 |       5 |  38.5
     Lair:3 |    4951 |    1497 |  23.2 |      21 |       1 |   4.5
     Lair:4 |    7499 |    3354 |  30.9 |      27 |       9 |  25.0
     Lair:5 |    5292 |    8009 |  60.2 |      15 |      28 |  65.1
      Orc:1 |    2511 |       0 |   0.0 |      25 |       0 |   0.0
      Orc:2 |    3407 |   14360 |  80.8 |      27 |      55 |  67.1
     Bailey |       0 |    2210 | 100.0 |       0 |       9 | 100.0
            +---------+---------+-------+---------+---------+-------
